 Dungeon Crawl Stone Soup version 0.25-a0-861-g340c9e8194 (webtiles) character file.

Game seed: 8102604076248006962, levelgen mode: classic

21658 EnegeticOcto the Cleaver (level 12, -19/118 HPs)
             Began as a Deep Dwarf Fighter on Apr 29, 2020.
             Was a High Priest of Makhleb.
             Killed from afar by a frost giant (38 damage)
             ... with a bolt of cold
             ... in an ice cave.
             The game lasted 00:06:18 (6711 turns).

EnegeticOcto the Cleaver (Deep Dwarf Fighter)       Turns: 6711, Time: 00:06:18

Health: -19/118    AC: 21    Str: 25 (26) XL:     12   Next: 56%
Magic:  11/11      EV:  4    Int: 10      God:    Makhleb [*****.]
Gold:   528        SH: 20    Dex: 16 (17) Spells: 11/11 levels left

rFire    . . .     SeeInvis +   x - +2 hand axe (flame)
rCold    . . .     Gourm    .   u - +0 tower shield
rNeg     . . .     Faith    .   w - +0 plate armour
rPois    .         Spirit   .   y - +1 helmet
rElec    .         Reflect  +   t - +2 cloak
rCorr    .         Harm     .   (no gloves)
MR       +....                  (no boots)
Stlth    ..........             o - +2 amulet of reflection
HPRegen  0.00/turn              c - +2 ring of strength
MPRegen  0.12/turn              l - +5 ring of dexterity

@: non-regenerating
A: damage resistance, heal wounds, see invisible, deterioration 1, high mp 1,
sense surroundings 2, shaggy fur 1, no regeneration
a: Heal Wounds, Minor Destruction, Lesser Servant of Makhleb, Major Destruction,
Greater Servant of Makhleb, Renounce Religion


You were in an ice cave.
You worshipped Makhleb.
Makhleb was extremely pleased with you.
You were near starving.

You visited 1 branch of the dungeon, and saw 11 of its levels.
You visited the Abyss 1 time.
You also visited: Ice Cave.

You collected 528 gold pieces.

Inventory:

Hand Weapons
 a - a +1 war axe
 x - a +2 hand axe of flaming (weapon)
Armour
 t - a +2 cloak (worn)
 u - a +0 tower shield (worn)
 w - a +0 plate armour (worn)
 y - a +1 helmet (worn)
Jewellery
 c - a +2 ring of strength (left hand)
 l - a +5 ring of dexterity (right hand)
 o - a +2 amulet of reflection (around neck)
Wands
 d - a wand of iceblast (13)
 v - a wand of acid (8) {@v1}
 z - a wand of flame (56) {@v3}
Scrolls
 b - 6 scrolls of identify {@r1}
 g - 5 scrolls of enchant armour
 i - 3 scrolls of remove curse {@r6}
 j - 2 scrolls of magic mapping {@r5}
 n - a scroll of summoning
 p - a scroll of enchant weapon
 r - 4 scrolls of teleportation {@r2}
Potions
 f - a potion of magic
 h - 2 potions of curing {@q1}
 k - a potion of might {@q3}
 m - a potion of resistance {@q6}
 q - a potion of heal wounds {@q2}
 s - a potion of flight
Comestibles
 e - 18 rations


   Skills:
 * Level 10.8 Fighting
 * Level 12.4 Axes
 + Level 9.5 Armour
 + Level 9.5 Shields
 + Level 10.1 Invocations


You had 11 spell levels left.
You didn't know any spells.
Your spell library was empty.

Dungeon Overview and Level Annotations

Branches:
Dungeon (11/15)            Temple (0/1) D:7            Lair (0/6) D:10
    Orc (0/2) D:10          IceCv (1/1)

Altars:
Cheibriados
Gozag
Kikubaaqudgha
Makhleb
Okawaru
Sif Muna
Xom
Zin

Annotations:
D:6 3 runed translucent doors, wintastic's ghost, novice HaHu


Innate Abilities, Weirdness & Mutations

You are resistant to damage.
You can heal yourself by infusing magical energy.
You passively map the area around you.
You do not regenerate.
You have supernaturally acute eyesight. (SInv)
Your body sometimes deteriorates upon taking damage.
You have an increased reservoir of magic. (+10% MP)
You are covered in fur. (AC +1)


Message History

The frost giant hits your smoke demon with a +0 battleaxe of freezing!!
The frost giant freezes your smoke demon.
Your smoke demon hits the frost giant but does no damage.
Your smoke demon completely misses the frost giant. x2
Your ynoxinul gestures.
You block the death yak's attack.
You are too injured to fight recklessly!
You are too injured to fight recklessly!
You are too injured to fight recklessly!
You are too injured to fight recklessly!
You are too injured to fight recklessly!
You are too injured to fight recklessly!
You are too injured to fight recklessly!
You are too injured to fight recklessly!
You are too injured to fight recklessly!
You are too injured to fight recklessly!
You are too injured to fight recklessly!
You are too injured to fight recklessly!
You are too injured to fight recklessly!
You are too injured to fight recklessly!
You are too injured to fight recklessly!
You are too injured to fight recklessly!
You are too injured to fight recklessly!
You are too injured to fight recklessly!
You are too injured to fight recklessly!
You swap places.
Your smoke demon hits the frost giant but does no damage. x2
Your smoke demon completely misses the frost giant.
The frost giant closely misses your smoke demon.
The frost giant hits your ynoxinul with a +0 battleaxe of freezing!
The frost giant freezes your ynoxinul.
Your ynoxinul hits the frost giant. The death yak gores your ynoxinul.
You feel much better.
Your smoke demon hits the frost giant but does no damage. x3
Your ynoxinul gestures.
The death yak gores your ynoxinul!!
Your ynoxinul dies!
Your ufetubus disappears in a puff of smoke! x3
You swap places.
The frost giant hits you with a +0 battleaxe of freezing!
The frost giant freezes you.
The death yak snorts and paws the ground.
The death yak barely misses your smoke demon.
You hit the frost giant but do no damage.
The frost giant is lightly wounded.
You block the frost giant's attack.
The frost giant hits your smoke demon with a +0 battleaxe of freezing!
The frost giant freezes your smoke demon.
Your smoke demon dies!
You hit the frost giant but do no damage.
The frost giant is lightly wounded.
You hit the frost giant. You burn the frost giant.
The frost giant is lightly wounded.
Your shield and plate armour prevent you from hitting the death yak.
You block the frost giant's attack. You block the death yak's attack.
You hit the frost giant but do no damage.
The frost giant is lightly wounded.
You hit the death yak but do no damage.
The death yak gores you but does no damage.
The frost giant hits you with a +0 battleaxe of freezing!
Your body deteriorates!
You feel weakened. The frost giant freezes you.
You are too injured to fight recklessly!
You are too injured to fight recklessly!
You are too injured to fight recklessly!
You are too injured to fight recklessly!
You are too injured to fight recklessly!
You are too injured to fight recklessly!
You are too injured to fight recklessly!
You are too injured to fight recklessly!
You are too injured to fight recklessly!
You are too injured to fight recklessly!
You are too injured to fight recklessly!
You are too injured to fight recklessly!
You are too injured to fight recklessly!
You are too injured to fight recklessly!
You are too injured to fight recklessly!
You are too injured to fight recklessly!
You are too injured to fight recklessly!
Your magical essence is drained by the effort!
You feel much better. You block the death yak's attack.
You slash the frost giant! You burn the frost giant.
The frost giant is lightly wounded.
You hit the death yak. You burn the death yak.
The frost giant gestures at you while chanting.
The bolt of cold hits you!!!
* * * LOW HITPOINT WARNING * * *
You block the death yak's attack.
A demon appears!
You block the frost giant's attack. You block the death yak's attack.
You swap places.
The frost giant casts a spell at you. The bolt of cold hits your hellwing!!
The bolt of cold hits you!!
* * * LOW HITPOINT WARNING * * *
Your hellwing hits the death yak!
Your hellwing hits the death yak but does no damage.
You feel much better. The frost giant casts a spell at you.
The bolt of cold hits your hellwing!! The bolt of cold hits you!!!
You die...

.⌠..###...#....######≈†≈#####.###
...## ###....### ≈#≈≈≈## ###≈≈
##..# #######.$##≈≈≈≈≈≈≈# ####
#..####..### $#.##≈≈≈≈≈≈≈# ###...
###..#.##..####≈≈≈≈≈≈≈≈≈≈###..##.
###.#####..####≈≈≈≈≈≈≈≈#..###..
### ###....#≈≈≈≈≈≈##...##..
####.###≈≈≈##..######
##@.##≈≈≈####.### ###4Y## ##..#
#hCh## ≈ ≈*#...### #.h.h## ≈
###...# #.....# ≈≈≈ ###.. ......
* ≈ ### * ...... * ≈ ≈≈ ≈ # *,
#.... ,, ≈ ≈ ≈ * *** * ####., ≈ ≈
≈


You could see a frost giant, a death yak, 4 polar bears and a friendly hellwing.

Vanquished Creatures
  Erolcha (D:9)
  2 hydras
  2 two-headed ogres
  A death yak (IceCv)
  2 unseen horrors (D:10)
  A deep elf mage (D:9)
  A manticore (D:10)
  A worldbinder (Abyss:1)
  An ice statue (IceCv)
  A smoke demon (Abyss:1)
  3 gargoyles
  Maggie (D:6)
  A kobold demonologist (D:11)
  2 rime drakes (D:11)
  A komodo dragon (D:10)
  10 polar bears (IceCv)
  A troll (D:9)
  2 dream sheep (D:8)
  A shadow (D:11)
  2 wyverns
  29 yaks
  A vampire mosquito (D:9)
  An acid dragon (D:11)
  3 ice beasts
  5 orc warriors
  A necrophage (D:10)
  3 centaurs
  A sky beast (D:7)
  6 ogres
  13 wolves (IceCv)
  Blork the orc (D:6)
  5 big kobolds
  5 bullfrogs
  A gnoll sergeant (D:8)
  A wyvern skeleton (D:10)
  4 killer bees (D:11)
  7 scorpions
  3 crimson imps
  A bullfrog zombie (D:10)
  A centaur zombie (D:8)
  A jelly (D:10)
  10 orc priests
  5 hounds
  2 bullfrog skeletons (D:9)
  A centaur skeleton (D:9)
  4 iguanas
  8 orc wizards
  6 worker ants
  3 hound skeletons
  Robin (D:4)
  A worker ant zombie (D:9)
  11 adders
  12 gnolls
  A shadow imp (D:8)
  3 adder skeletons
  6 leopard geckos
  43 orcs
  4 bats (D:1)
  A giant cockroach (D:1)
  11 goblins
  8 hobgoblins
  3 jackals (D:9)
  4 quokkas
  A ball python (D:2)
  2 frilled lizards
  A jackal skeleton (D:4)
  8 kobolds
  A leopard gecko skeleton (D:4)
  A quokka skeleton (D:6)
  4 rats
296 creatures vanquished.

Vanquished Creatures (others)
  2 polar bears (IceCv)
  A wolf (IceCv)
3 creatures vanquished.

Grand Total: 299 creatures vanquished

Notes
Turn   | Place    | Note
-------+----------+-------------------------------------------
     0 | D:1      | EnegeticOcto the Deep Dwarf Fighter began the quest for the
                  | Orb.
     0 | D:1      | Reached XP level 1. HP: 20/20 MP: 1/1
   103 | D:1      | Reached XP level 2. HP: 25/27 MP: 2/2
   382 | D:4      | Noticed Robin
   383 | D:4      | Reached XP level 3. HP: 27/34 MP: 3/3
   389 | D:4      | Reached skill level 3 in Axes
   419 | D:4      | Reached XP level 4. HP: 37/42 MP: 3/3
   421 | D:4      | Killed Robin
   467 | D:4      | Noticed an ogre
   475 | D:4      | Killed an ogre
   475 | D:4      | Reached skill level 4 in Axes
   475 | D:4      | Reached XP level 5. HP: 45/50 MP: 4/4
   565 | D:4      | Reached XP level 6. HP: 54/57 MP: 4/4
   590 | D:4      | Found an ancient bone altar of Kikubaaqudgha.
   590 | D:4      | Found an opulent altar of Gozag.
   597 | D:4      | Found a shimmering altar of Xom.
   599 | D:4      | Found a burning altar of Makhleb.
   601 | D:4      | Found a shimmering blue altar of Sif Muna.
   606 | D:4      | Became a worshipper of Makhleb the Destroyer
   833 | D:4      | Reached skill level 1 in Invocations
   901 | D:4      | Reached skill level 5 in Axes
   939 | D:4      | Found a glowing silver altar of Zin.
  1006 | D:5      | Entered Level 5 of the Dungeon
  1036 | D:5      | Reached XP level 7. HP: 44/66 MP: 4/4
  1062 | D:5      | Reached skill level 5 in Fighting
  1124 | D:5      | Reached * piety under Makhleb
  1203 | D:5      | Reached skill level 5 in Armour
  1203 | D:5      | Reached skill level 5 in Shields
  1225 | D:5      | Found an iron altar of Okawaru.
  1800 | D:6      | Found a runed translucent gate.
  1800 | D:6      | Found a runed translucent gate.
  1800 | D:6      | Found an opulent altar of Gozag.
  1800 | D:6      | Found a runed translucent gate.
  1800 | D:6      | Noticed a deep elf mage
  1802 | D:6      | Noticed wintastic's ghost (novice HaHu)
  1846 | D:6      | Reached skill level 6 in Axes
  1846 | D:6      | Reached XP level 8. HP: 57/75 MP: 6/6
  2059 | D:6      | Noticed Maggie
  2073 | D:6      | Cast into level 1 of the Abyss (Maggie)
  2175 | Abyss:1  | Noticed a thrashing horror
  2179 | Abyss:1  | Noticed a worldbinder
  2219 | Abyss:1  | Noticed a smoke demon
  2222 | Abyss:1  | Killed a worldbinder
  2222 | Abyss:1  | Reached skill level 7 in Axes
  2233 | Abyss:1  | HP: 3/76 [smoke demon (1)]
  2234 | Abyss:1  | Killed a smoke demon
  2234 | Abyss:1  | Gained mutation: You passively map the area around you.
                  | [Deep Dwarf growth]
  2234 | Abyss:1  | Reached XP level 9. HP: 18/85 MP: 7/7
  2236 | D:6      | Escaped the Abyss
  2243 | D:6      | Killed Maggie
  2250 | D:6      | Reached skill level 5 in Invocations
  2287 | D:6      | Noticed Blork the orc
  2304 | D:6      | Killed Blork the orc
  2624 | D:6      | Found a snail-covered altar of Cheibriados.
  2764 | D:7      | Reached skill level 8 in Axes
  3053 | D:7      | Found a staircase to the Ecumenical Temple.
  3383 | D:8      | Reached ** piety under Makhleb
  3723 | D:8      | Gained mutation: You have an increased reservoir of magic.
                  | (+10% MP) [potion of mutation]
  3723 | D:8      | Gained mutation: Your body sometimes deteriorates upon
                  | taking damage. [potion of mutation]
  3723 | D:8      | Gained mutation: You are covered in fur. (AC +1) [potion of
                  | mutation]
  3723 | D:8      | Gained mutation: You have supernaturally acute eyesight.
                  | (SInv) [potion of mutation]
  3795 | D:8      | Reached XP level 10. HP: 88/96 MP: 8/10
  3952 | D:8      | Reached skill level 9 in Axes
  4055 | D:8      | Noticed a two-headed hydra
  4059 | D:8      | Killed a one-headed hydra
  4135 | D:9      | Reached *** piety under Makhleb
  4327 | D:9      | Noticed Erolcha
  4338 | D:9      | Killed Erolcha
  4381 | D:9      | Reached skill level 10 in Axes
  4504 | D:9      | Noticed a deep elf mage
  4509 | D:9      | Noticed a two-headed ogre
  4517 | D:9      | Killed a deep elf mage
  4517 | D:9      | Reached XP level 11. HP: 83/106 MP: 12/12
  4528 | D:9      | Killed a two-headed ogre
  4546 | D:9      | Identified the Disquisition on Aid
  4669 | D:10     | Entered Level 10 of the Dungeon
  4675 | D:10     | Found a staircase to the Lair.
  4855 | D:10     | Found a staircase to the Orcish Mines.
  4870 | D:10     | Noticed an unseen horror
  4895 | D:10     | Killed an unseen horror
  4900 | D:10     | Noticed an unseen horror
  4956 | D:10     | Killed an unseen horror
  5029 | D:10     | Noticed a two-headed ogre
  5035 | D:10     | Reached **** piety under Makhleb
  5043 | D:10     | Killed a two-headed ogre
  5365 | D:10     | Reached skill level 11 in Axes
  5876 | D:11     | Noticed a sun demon
  5898 | D:11     | Noticed a four-headed hydra
  5908 | D:11     | Killed a one-headed hydra
  5908 | D:11     | Reached skill level 10 in Fighting
  6007 | D:11     | Found a frozen archway.
  6017 | D:11     | Reached XP level 12. HP: 93/116 MP: 14/14
  6024 | IceCv    | Entered an ice cave
  6058 | IceCv    | Reached ***** piety under Makhleb
  6367 | IceCv    | Reached skill level 12 in Axes
  6510 | IceCv    | Noticed a death yak
  6589 | IceCv    | Killed a death yak
  6589 | IceCv    | Reached skill level 10 in Invocations
  6681 | IceCv    | Noticed a death yak
  6681 | IceCv    | Noticed a frost giant
  6710 | IceCv    | HP: 3/118 [frost giant/bolt of cold (21)]
  6711 | IceCv    | Killed from afar by a frost giant

Levels and vault maps discovered:
D:1:      denvon_arrival_waterhouse, layout_basic
D:2:      layout_basic, kennysheep_flooded_box, grunt_ministairs_7, st_stairs_4
D:3:      layout_loops_ring, minitemple
D:4:      layout_cave_pools, kennysheep_mini_moat,
          chequers_temple_overflow_minitemple, hangedman_feature_mirror,
          uniq_robin
D:5:      layout_cave_pods, first_ration, grunt_decor_resistance,
          okawaru_altar_gauntlet_db
D:6:      layout_basic, ebering_ghost_gozag, basic_altar, uniq_maggie,
          uniq_blork_the_orc
D:7:      layout_loops_ring, minmay_temple_entry_butterflies
D:8:      layout_basic, hangedman_ranch [blue_anna_fruit_fields]
D:9:      minmay_bloctagon_deflated, layout_rooms, uniq_erolcha
D:10:     layout_grid_maze, dpeg_oklobed_lair, orc_0_dummy, kb_rosetta
D:11:     layout_basic, portal_ice_cave_rime
IceCv:    ice_cave_caverns_02

Skill      XL: |  1  2  3  4  5  6  7  8  9 10 11 12 |
---------------+-------------------------------------+-----
Fighting       | 3 4 5 6 7 9 10 | 10.8
Axes           | 3 4 5 6 7 8 10 11 12 | 12.4
Armour         | 4 5 6 7 8 9 |  9.5
Shields        | 4 5 6 7 9 |  9.5
Invocations    | 1 3 4 6 7 9 10 | 10.1

Action                   |  1- 3 |  4- 6 |  7- 9 | 10-12 || total
-------------------------+-------+-------+-------+-------++-------
Melee: War axe           |    70 |   110 |   329 |       ||   509
       Hand axe          |       |       |    22 |   897 ||   919
Invok: Lesser Servant of |       |       |       |     5 ||     5
 Abil: Heal Wounds       |     2 |     4 |    14 |    21 ||    41
Evoke: Wand              |       |       |     3 |       ||     3
  Use: Scroll            |       |       |    16 |     1 ||    17
       Potion            |       |       |     1 |       ||     1
 Stab: Distracted        |       |       |       |     3 ||     3
  Eat: Chunk             |       |     1 |     9 |    10 ||    20
Armor: Scale mail        |    62 |    63 |    55 |       ||   180
       Plate armour      |       |       |   147 |   407 ||   554
Dodge: Dodged            |    42 |    45 |    76 |    79 ||   242
Block: Kite shield       |    77 |    97 |   210 |       ||   384
       Reflection        |       |     1 |    14 |     9 ||    24
       Tower shield      |       |       |    77 |   903 ||   980

Table legend:
 A = Non-vault XP
 B = Vault XP
 C = Vault XP percentage of total XP
 D = Non-vault monster count
 E = Vault monster count
 F = Vault count percentage of total count
                 A         B        C        D         E       F
            +---------+---------+-------+---------+---------+-------
      Total |   13867 |   17073 |  55.2 |     211 |      87 |  29.2
            +---------+---------+-------+---------+---------+-------
        D:1 |      19 |       0 |   0.0 |      12 |       0 |   0.0
        D:2 |       4 |       3 |  42.9 |       2 |       2 |  50.0
        D:3 |       3 |       0 |   0.0 |       2 |       0 |   0.0
        D:4 |     588 |     112 |  16.0 |      30 |      14 |  31.8
        D:5 |     610 |      12 |   1.9 |      21 |       6 |  22.2
        D:6 |    1005 |     479 |  32.3 |      27 |       2 |   6.9
        D:7 |     412 |       0 |   0.0 |       7 |       0 |   0.0
        D:8 |     577 |    2188 |  79.1 |      17 |       8 |  32.0
        D:9 |    2899 |    2604 |  47.3 |      41 |       4 |   8.9
       D:10 |    3950 |    1896 |  32.4 |      32 |       4 |  11.1
       D:11 |    2866 |     754 |  20.8 |      18 |       2 |  10.0
    Abyss:1 |     934 |       0 |   0.0 |       2 |       0 |   0.0
      IceCv |       0 |    9025 | 100.0 |       0 |      45 | 100.0
            +---------+---------+-------+---------+---------+-------
